 Dungeon Crawl Stone Soup version 0.19.3-1-g3169bf9 (webtiles) character file.

235 Clownie the Chopper (level 6, -2/44 HPs)
             Began as a Formicid Gladiator on Jan 25, 2017.
             Slain by Kloppie's ghost (16 damage)
             ... on level 4 of the Dungeon.
             The game lasted 00:04:05 (2973 turns).

Clownie the Chopper (Formicid Gladiator)            Turns: 2973, Time: 00:04:05

Health: -2/44      AC:  3    Str: 22    XL:     6   Next: 26%
Magic:  6/6        EV:  9    Int:  7    God:
Gold:   111        SH: 14    Dex: 11    Spells: 0 memorised, 5 levels left

rFire  + . .     SeeInvis +     a - +1 war axe
rCold  . . .     Gourm    .     b - +0 leather armour
rNeg   . . .     Faith    .     j - +0 large shield
rPois  .         Spirit   .     (helmet unavailable)
rElec  .         Reflect  .     (no cloak)
rCorr  .         Harm     .     (no gloves)
MR     .....                    (no boots)
Stlth  +.........               (no amulet)
                                (no ring)
                                s - ring of protection from fire

@: no status effects
A: permanent stasis, dig shafts and tunnels, four strong arms, antennae 3
a: Dig, Shaft Self


You were on level 4 of the Dungeon.
You were hungry.

You visited 1 branch of the dungeon, and saw 4 of its levels.

You collected 111 gold pieces.

Inventory:

Hand Weapons
 a - a +1 war axe (weapon)
Missiles
 p - 2 throwing nets (quivered)
Armour
 b - a +0 leather armour (worn)
 j - a +0 large shield (worn)
Jewellery
 s - a ring of protection from fire (left hand)
Scrolls
 c - a scroll of amnesia {unknown}
 g - a scroll of fog
 h - a scroll of remove curse {unknown}
 l - 2 scrolls of enchant weapon
 m - a scroll of fear {unknown}
 r - a scroll of magic mapping
 t - 2 scrolls of identify
Potions
 e - a potion of resistance {unknown}
 f - 2 potions of mutation {unknown}
 i - a potion of magic {unknown}
 k - 2 potions of curing
 q - 2 potions of lignification {unknown}
 u - 2 potions of might {unknown}
 x - a potion of invisibility {unknown}
Comestibles
 d - 2 bread rations
 n - a beef jerky
 o - a meat ration


   Skills:
 - Level 2.1 Fighting
 + Level 5.1 Axes
 - Level 2.0 Throwing
 - Level 2.6 Dodging
 * Level 4.6 Shields


You had 5 spell levels left.
You didn't know any spells.

Dungeon Overview and Level Annotations

Branches:
Dungeon (4/15)
 Temple: D:4-7

Altars:
Gozag
Kikubaaqudgha
Vehumet
Zin

Annotations:
D:4 Kloppie's ghost, novice FoFi


Innate Abilities, Weirdness & Mutations

You are under a permanent stasis effect.
You can dig through walls and to a lower floor.
Your four strong arms can wield two-handed weapons with a shield.
You have a pair of large antennae on your head. (SInv)


Message History

You barely miss Kloppie's ghost.
Kloppie's ghost is lightly damaged.
Kloppie's ghost hits you. You block Kloppie's ghost's attack.
You hit Kloppie's ghost but do no damage.
Kloppie's ghost is lightly damaged.
Kloppie's ghost barely misses you.
You slash Kloppie's ghost!
Kloppie's ghost is lightly damaged.
Kloppie's ghost hits you!
You hit Kloppie's ghost.
Kloppie's ghost is moderately damaged.
Kloppie's ghost hits you!
You hit Kloppie's ghost but do no damage.
Kloppie's ghost is moderately damaged.
Kloppie's ghost hits you but does no damage.
Kloppie's ghost hits you.
You hit Kloppie's ghost but do no damage.
Kloppie's ghost is moderately damaged.
Kloppie's ghost hits you!
You die...

#.#.#....###'#.........#
.#
#.#.#..................#
..
#.#.#...................
...
#.#.'................####
#.###...#........#...#
#.# #...#........#...#
#.# #...####'#####...#
#.###................#
#...'.........W@.....#
#####................#
####.....#####...#
#.....#### #...#
.#####.....# #####
.....'.....###
######.........#
.....'.........#
##.###.........########


You could see Kloppie's ghost.

Vanquished Creatures
  A centaur (D:2)
  An orc priest (D:3)
  2 adders
  2 oozes
  2 dart slugs
  5 leopard geckos
  10 orcs (D:3)
  9 bats
  4 giant cockroaches
  9 goblins
  8 hobgoblins
  2 jackals (D:3)
  2 quokkas (D:3)
  3 ball pythons
  2 frilled lizards
  10 kobolds
  3 rats (D:1)
75 creatures vanquished.

Notes
Turn   | Place    | Note
-------+----------+-------------------------------------------
     0 | D:1      | Clownie the Formicid Gladiator began the quest for the Orb.
     0 | D:1      | Reached XP level 1. HP: 16/16 MP: 1/1
   382 | D:1      | Reached XP level 2. HP: 21/22 MP: 2/2
   557 | D:1      | Reached skill level 4 in Axes
   557 | D:1      | Reached XP level 3. HP: 25/27 MP: 3/3
  1199 | D:2      | Found an ancient bone altar of Kikubaaqudgha.
  1217 | D:2      | Noticed a centaur
  1227 | D:2      | Killed a centaur
  1227 | D:2      | Reached XP level 4. HP: 8/33 MP: 4/4
  1227 | D:2      | Reached XP level 5. HP: 9/38 MP: 5/5
  1772 | D:2      | Found a faded altar of an unknown god.
  1772 | D:2      | Found an opulent altar of Gozag.
  1782 | D:2      | Found a faded altar of an unknown god.
  1784 | D:2      | Found a faded altar of an unknown god.
  1785 | D:2      | Found a radiant altar of Vehumet.
  2134 | D:4      | Noticed Kloppie's ghost (novice FoFi)
  2308 | D:3      | Reached XP level 6. HP: 24/44 MP: 6/6
  2314 | D:3      | Reached skill level 5 in Axes
  2601 | D:3      | Found a glowing silver altar of Zin.
  2973 | D:4      | Slain by Kloppie's ghost

Skill      XL: |  1  2  3  4  5  6 |
---------------+-------------------+-----
Axes           | 4 5 |  5.1
Shields        | 3 4 |  4.6
Fighting       | |  2.1
Throwing       | |  2.0
Dodging        | |  2.6

Action                   |  1- 3 |  4- 6 || total
-------------------------+-------+-------++-------
Melee: War axe           |    96 |   134 ||   230
Throw: Throwing net      |     3 |       ||     3
 Abil: Dig               |       |     1 ||     1
  Use: Scroll            |       |     6 ||     6
       Potion            |       |     3 ||     3
  Eat: Chunk             |     1 |     5 ||     6
Armor: Leather armour    |    46 |    24 ||    70
Dodge: Dodged            |    72 |    36 ||   108
Block: Large shield      |    29 |   112 ||   141
